 Dungeon Crawl Stone Soup version 0.30-a0-121-gb27577e5d9 (webtiles) character file.

Game seed: 1249409766173369089

22 ytrimaz the Trooper (level 2, 0/24 HPs)
             Began as a Demonspawn Fighter on Sept 14, 2022.
             Slain by a worm (7 damage)
             ... on level 2 of the Dungeon.
             The game lasted 00:00:55 (964 turns).

ytrimaz the Trooper (Demonspawn Fighter)             Turns: 964, Time: 00:00:55

Health: 0/24       AC:  6    Str: 16    XL:     2   Next: 68%
Magic:  2/2        EV:  8    Int:  9    God:
Gold:   57         SH:  4    Dex: 12    Spells: 1/1 levels left

rFire   . . .      SeeInvis +    a - +0 war axe
rCold   . . .      Faith    .    c - +0 buckler
rNeg    . . .      Spirit   .    b - +0 scale mail
rPois   .          Reflect  .    (no helmet)
rElec   .          Harm     .    (no cloak)
rCorr   .          Rampage  .    (no gloves)
Will    .....                    (no boots)
Stlth   ..........               e - amulet of regeneration
HPRegen 0.88/turn                h - ring of see invisible
MPRegen 0.08/turn                (no ring)

@: no status effects
A: hooves 1
a: no special abilities


You were on level 2 of the Dungeon.
You visited 1 branch of the dungeon, and saw 2 of its levels.

You collected 57 gold pieces.


Innate Abilities, Weirdness & Mutations

You have large cloven feet.


   Skills:
 + Level 3.5 Fighting
 + Level 2.4 Axes
 - Level 2.6 Armour
 - Level 2.6 Shields


You had one spell level left.
You didn't know any spells.
Your spell library contained the following spells:

 Spells                   Type           Power      Damage    Failure   Level
 Blink                    Tloc           0%         N/A       96%         2
 Lesser Beckoning         Tloc           0%         N/A       99%         3
 Manifold Assault         Tloc           0%         N/A       100%        4

Inventory:

Hand Weapons
 a - a +0 war axe (weapon)
Armour
 b - a +0 scale mail (worn)
 c - a +0 buckler (worn)
Jewellery
 e - an amulet of regeneration (around neck)
   (You found it on level 1 of the Dungeon)
 h - a ring of see invisible (left hand)
   (You found it on level 1 of the Dungeon)
Scrolls
 f - a scroll of magic mapping
 j - 3 scrolls of fog
Potions
 d - a potion of might
 g - a potion of degeneration {unknown}
 i - a potion of heal wounds {unknown}
 k - a potion of flight {unknown}

Dungeon Overview and Level Annotations

Branches:
Dungeon (2/15) Zot: 11013

Altars:

####.###.#.####
#..............
#.##........#
#.##........##
...>.........######
#.####............. #
#####......###### .
..........#######?...
#######......@w......
#..############ #.##
#.# #[# #.# #.# #?


You could see a worm.


Message History

Key pressed, stopping explore.
Unknown command.
j - 2 scrolls of fog (gained 1) As you open the door, it creaks loudly!
Unknown command.
There is an open door here.
A goblin comes into view. It is wielding a +0 club.
The goblin shouts!
A goblin is nearby!
You barely miss the goblin. You block the goblin's attack.
A goblin is nearby!
You barely miss the goblin. Your kick misses the goblin.
You block the goblin's attack. The goblin barely misses you.
Unknown command.
You closely miss the goblin. You kick the goblin.
You kill the goblin!
Things that are here:
a +0 club; a goblin corpse Unknown command.
No target in view!
No target in view!
Unknown command.
f - a scroll labelled IRCHEG MIOPHULI
g - a scroll of identify Unknown command.
Things that are here:
a +0 club; a goblin corpse You see here 8 stones.
Key pressed, stopping explore.
Key pressed, stopping explore.
Things that are here:
a +0 dagger; 2 stones Key pressed, stopping explore.
No target in view!
Key pressed, stopping explore.
No target in view!
There is a stone staircase leading down here.
There is a stone staircase leading down here.
Key pressed, stopping explore.
No target in view!
Unknown command.
No target in view!
You see here a +0 club.
Key pressed, stopping explore.
No target in view!
Unknown command.
Key pressed, stopping explore.
No target in view!
Key pressed, stopping explore.
No target in view!
Key pressed, stopping explore.
Unknown command.
There is a stone staircase leading down here.
You see here a +0 scale mail.
Key pressed, stopping explore.
j - 3 scrolls of fog (gained 1)
l - a scroll labelled WEOXUMMUIS Key pressed, stopping explore.
You see here a +0 scale mail.
You see here a +0 dagger.
You see here 4 stones.
Key pressed, stopping explore.
Done exploring.
Done exploring.
As you read the scroll of identify, it crumbles to dust.
f - a scroll of magic mapping Unknown command.
As you read the scroll labelled WEOXUMMUIS, it crumbles to dust.
The air around you briefly surges with heat, but it dissipates.
It was a scroll of immolation.
Unknown command.
There is a stone staircase leading down here.
You climb downwards.
There is a stone staircase leading up here.
Found a stone staircase leading down.
Unknown command.
You now have 57 gold pieces (gained 12).
g - a smoky ruby potion A worm comes into view.
A worm is nearby!
A worm is nearby!
You block the worm's attack.
You barely miss the worm. The worm bites you! 😮 HP[-7]
You take 7 damage, and now have 17/24 hp.
MASSIVE DAMAGE!! (PAUSE)
You hit the worm. The worm bites you. 😮 HP[-4]
You take 4 damage, and now have 13/24 hp.
You are too injured to fight recklessly!
You hit the worm. You kick the worm. The worm bites you!
* * * LOW HITPOINT WARNING * * *
😱 HP[-8]
You take 8 damage, and now have 5/24 hp.
MASSIVE DAMAGE!! (PAUSE)
You hit the worm. 😱 HP[+1]
You are too injured to fight recklessly!
You hit the worm. You kick the worm. The worm bites you!
You die...

Skill      XL: |  1 |
---------------+----+-----
Axes           | 2 |  2.4
Fighting       | |  3.5
Armour         | |  2.6
Shields        | |  2.6

Action                   || total
-------------------------++-------
Melee: War axe           ||    51
       Kick              ||     4
  Use: Scroll            ||     4
Armor: Scale mail        ||    18
Dodge: Dodged            ||    15
Block: Buckler           ||    18

Levels and vault maps discovered:
D:1:      dpeg_chamrin_arrival_tetris, layout_basic,
          amcnicky_mini_rare_corridor_liquid, minmay_heptomino_h4
D:2:      layout_loops_ring, shapermc_ecumenical_altar_mp_vishouse

Notes
Turn   | Place    | Note
-------+----------+-------------------------------------------
     0 | D:1      | ytrimaz the Demonspawn Fighter began the quest for the Orb.
     0 | D:1      | Reached XP level 1. HP: 18/18 MP: 1/1
     0 | D:1      | magus.rc [v1.9.6]
   264 | D:1      | Reached skill level 2 in Axes
   369 | D:1      | Gained mutation: You have large cloven feet. [demonic
                  | ancestry]
   369 | D:1      | Reached XP level 2. HP: 24/24 MP: 2/2
   378 | D:1      | You pick up a book of Spatial Translocations and begin
                  | reading...
   378 | D:1      | You add the spells Blink, Lesser Beckoning and Manifold
                  | Assault to your library.
   962 | D:2      | HP: 5/24 [worm (9)]
   964 | D:2      | Slain by a worm

Vanquished Creatures
  A dart slug (D:1)
  An endoplasm (D:1)
  A giant cockroach (D:1)
  4 goblins (D:1)
  2 hobgoblins (D:1)
  A quokka (D:1)
  A ball python (D:1)
  A bat (D:1)
  A frilled lizard (D:1)
  3 kobolds (D:1)
  3 rats (D:1)
19 creatures vanquished.

Table legend:
 A = Non-vault XP
 B = Vault XP
 C = Vault XP percentage of total XP
 D = Non-vault monster count
 E = Vault monster count
 F = Vault count percentage of total count
                 A         B        C        D         E       F
            +---------+---------+-------+---------+---------+-------
      Total |      24 |       8 |  25.0 |      15 |       4 |  21.1
            +---------+---------+-------+---------+---------+-------
        D:1 |      24 |       8 |  25.0 |      15 |       4 |  21.1
            +---------+---------+-------+---------+---------+-------

Illustrated notes

Table legend:
 A = Kills in this place as a percentage of kills in entire the game.
 B = Kills by you in this place as a percentage of kills by you in the entire game.
 C = Kills by friends in this place as a percentage of kills by friends in the entire game.
 D = Other kills in this place as a percentage of other kills in the entire game.
 E = Experience gained in this place as a percentage of experience gained in the entire game.
 F = Experience gained in this place divided by the number of levels of this place that you have seen.
                   A       B       C       D       E      F
               +-------+-------+-------+-------+-------+----------------------
         Total | 100.0 | 100.0 |   N/A |   N/A | 100.0 |  16.0
       Dungeon | 100.0 | 100.0 |   N/A |   N/A | 100.0 |  16.0
               +-------+-------+-------+-------+-------+----------------------

Table legend: (Time is in decaauts)
 A = Elapsed time spent in this place.
 B = Non-inter-level travel time spent in this place.
 C = Inter-level travel time spent in this place.
 D = Time resting spent in this place.
 E = Time spent auto-exploring this place.
 F = Levels seen in this place.
 G = Mean time per level.
                   A        B        C        D        E       F      G
               +--------+--------+--------+--------+--------+-----+--------+
         Total |    985 |    952 |     33 |      0 |    768 |   2 |  492.5 |
       Dungeon |    985 |    952 |     33 |      0 |    768 |   2 |  492.5 |
               +--------+--------+--------+--------+--------+-----+--------+

Top non-repeatable levels by time:
     D:1: 954 daAuts
     D:2: 30 daAuts
